TOP OF THE 1ST |
Oklahoma City 89ers batting - Pitching for Denver Bears : RHP Jorge Rivera
|
Pitching: RHP Jorge Rivera
|
|
Batting: RHB James Glenn
|
0-0: Hit by Pitch
|
Batting: RHB John Christensen
|
0-0: Ball 1-0: Called Strike 1-1: Ball 2-1: Fly out, F4 (Flyball, 3D, EV 86.3 MPH)
|
Batting: LHB Tom O'Malley
|
0-0: Ball James Glenn is caught stealing 2nd base 2-6 1-0: Ball 2-0: Ball 3-0: Base on Balls
|
Batting: RHB David Green
|
0-0: Ball 1-0: Foul Ball, location: 2F 1-1: Called Strike 1-2: Strikes out looking
|
Top of the 1st over - 0 runs, 0 hits, 0 errors, 1 left on base; Oklahoma City 0 - Denver 0 |
BOTTOM OF THE 1ST |
Denver Bears batting - Pitching for Oklahoma City 89ers : LHP Mark Langston
|
Pitching: LHP Mark Langston
|
|
Batting: RHB Adolfo Feliz
|
0-0: Called Strike 0-1: Ball 1-1: Swinging Strike 1-2: Ground out U3 (Groundball, 34, EV 98.1 MPH)
|
Batting: RHB Gomez Barahona
|
0-0: Ball 1-0: Ball 2-0: Swinging Strike 2-1: Ground out 3-1 (Groundball, 13, EV 88.1 MPH)
|
Batting: LHB Danny Heep
|
0-0: Called Strike 0-1: Ball 1-1: Ball 2-1: Foul Ball, location: 2F 2-2: Ball 3-2: Foul Ball, location: 2F 3-2: Base on Balls
|
Batting: RHB Juan Alvarez
|
0-0: Ball 1-0: Called Strike 1-1: Swinging Strike 1-2: Ball 2-2: Ground out 5-3 (Groundball, 56S, EV 76.9 MPH)
|
Bottom of the 1st over - 0 runs, 0 hits, 0 errors, 1 left on base; Oklahoma City 0 - Denver 0 |
TOP OF THE 2ND |
Oklahoma City 89ers batting - Pitching for Denver Bears : RHP Jorge Rivera
|
Batting: RHB Cecil Fielder
|
0-0: Foul Ball, location: 2F 0-1: Ball 1-1: Fly out, F9 (Flyball, 9, EV 78.8 MPH)
|
Batting: RHB Nick Esasky
|
0-0: Called Strike 0-1: Ball 1-1: Ball 2-1: Ball 3-1: Fly out, F6 (Popup, 6S, EV 81.3 MPH)
|
Batting: LHB John Harris
|
0-0: Called Strike 0-1: Ground out 5-3 (Groundball, 5, EV 85.0 MPH)
|
Top of the 2nd over - 0 runs, 0 hits, 0 errors, 0 left on base; Oklahoma City 0 - Denver 0 |
BOTTOM OF THE 2ND |
Denver Bears batting - Pitching for Oklahoma City 89ers : LHP Mark Langston
|
Batting: RHB Raymond Borucki
|
0-0: Ball 1-0: Ball 2-0: Foul Ball, location: 2F 2-1: Ball 3-1: Base on Balls
|
Batting: LHB Tom Beyers
|
0-0: Swinging Strike 0-1: Ball 1-1: Ball 2-1: Called Strike 2-2: Foul Ball, location: 2F 2-2: Ball 3-2: Fielders Choice at 2nd, 3-6 (Groundball, 34S, EV 83.1 MPH)
|
Batting: RHB Frank Lucy
|
0-0: Called Strike 0-1: Ball 1-1: Foul Ball, location: 2F 1-2: Foul Ball, location: 2F 1-2: Strikes out swinging
|
Batting: LHB Larry Donofrio
|
0-0: Ball 1-0: Ball 2-0: Fly out, F9 (Flyball, 9S, EV 91.3 MPH)
|
Bottom of the 2nd over - 0 runs, 0 hits, 0 errors, 1 left on base; Oklahoma City 0 - Denver 0 |
TOP OF THE 3RD |
Oklahoma City 89ers batting - Pitching for Denver Bears : RHP Jorge Rivera
|
Batting: RHB Ron Tingley
|
0-0: Called Strike 0-1: SINGLE (Groundball, 56D, EV 96.9 MPH)
|
Batting: RHB Peter Reppucci
|
0-0: Ball 1-0: Called Strike 1-1: Called Strike 1-2: Strikes out swinging
|
Batting: RHB James Glenn
|
0-0: Ball 1-0: Called Strike 1-1: Swinging Strike 1-2: Foul Ball, location: 2F 1-2: Foul Ball, location: 2F 1-2: Ball 2-2: Foul Ball, location: 2F 2-2: Foul Ball, location: 2F 2-2: Foul Ball, location: 2F 2-2: Strikes out swinging
|
Batting: RHB John Christensen
|
0-0: Ball 1-0: Ball Ron Tingley steals 2nd base 2-0: Called Strike 2-1: Swinging Strike 2-2: Fly out, F8 (Flyball, 89XD, EV 95.6 MPH)
|
Top of the 3rd over - 0 runs, 1 hit, 0 errors, 1 left on base; Oklahoma City 0 - Denver 0 |
BOTTOM OF THE 3RD |
Denver Bears batting - Pitching for Oklahoma City 89ers : LHP Mark Langston
|
Batting: LHB Jesus Figueroa
|
0-0: Ball 1-0: Fly out, F7 (Flyball, 7, EV 91.3 MPH)
|
Batting: RHB Adolfo Feliz
|
0-0: Called Strike 0-1: Foul Ball, location: 2F 0-2: Ball 1-2: Ground out 4-3 (Groundball, 13, EV 89.4 MPH)
|
Batting: RHB Gomez Barahona
|
0-0: Swinging Strike 0-1: Ball 1-1: Ball 2-1: Ball 3-1: SINGLE (Groundball, 6MD, EV 101.9 MPH)
|
Batting: LHB Danny Heep
|
0-0: Ball 1-0: Called Strike 1-1: Fielders Choice at 2nd, 5-4 (Groundball, 56, EV 86.9 MPH)
|
Bottom of the 3rd over - 0 runs, 1 hit, 0 errors, 1 left on base; Oklahoma City 0 - Denver 0 |
TOP OF THE 4TH |
Oklahoma City 89ers batting - Pitching for Denver Bears : RHP Jorge Rivera
|
Batting: LHB Tom O'Malley
|
0-0: Swinging Strike 0-1: Called Strike 0-2: Ball 1-2: Fly out, F6 (Flyball, 6D, EV 93.8 MPH)
|
Batting: RHB David Green
|
0-0: Ball 1-0: Called Strike 1-1: Ground out 6-3 (Groundball, 6, EV 79.4 MPH)
|
Batting: RHB Cecil Fielder
|
0-0: Ball 1-0: Foul Ball, location: 2F 1-1: Ball 2-1: Ground out 6-3 (Groundball, 4MD, EV 103.1 MPH)
|
Top of the 4th over - 0 runs, 0 hits, 0 errors, 0 left on base; Oklahoma City 0 - Denver 0 |
BOTTOM OF THE 4TH |
Denver Bears batting - Pitching for Oklahoma City 89ers : LHP Mark Langston
|
Batting: RHB Juan Alvarez
|
0-0: Ball 1-0: Ball 2-0: Foul Ball, location: 2F 2-1: Ground out 5-3 (Groundball, 56, EV 99.4 MPH)
|
Batting: RHB Raymond Borucki
|
0-0: Ball 1-0: Called Strike 1-1: Swinging Strike 1-2: Ball 2-2: Foul Ball, location: 2F 2-2: Fly out, F6 (Line Drive, 6, EV 73.1 MPH)
|
Batting: LHB Tom Beyers
|
0-0: DOUBLE (Line Drive, 8LXD, EV 108.8 MPH)
|
Batting: RHB Frank Lucy
|
0-0: Ball 1-0: Ball 2-0: Ball 3-0: Called Strike 3-1: Ground out 4-3 (Groundball, 4, EV 82.5 MPH)
|
Bottom of the 4th over - 0 runs, 1 hit, 0 errors, 1 left on base; Oklahoma City 0 - Denver 0 |
TOP OF THE 5TH |
Oklahoma City 89ers batting - Pitching for Denver Bears : RHP Jorge Rivera
|
Batting: RHB Nick Esasky
|
0-0: Fly out, F4 (Flyball, 34D, EV 79.4 MPH)
|
Batting: LHB John Harris
|
0-0: Ball 1-0: Foul Ball, location: 2F 1-1: Ball 2-1: Called Strike 2-2: Foul Ball, location: 2F 2-2: Ball 3-2: Strikes out swinging
|
Batting: RHB Ron Tingley
|
0-0: Ball 1-0: Fly out, F8 (Flyball, 8RM, EV 78.8 MPH)
|
Top of the 5th over - 0 runs, 0 hits, 0 errors, 0 left on base; Oklahoma City 0 - Denver 0 |
BOTTOM OF THE 5TH |
Denver Bears batting - Pitching for Oklahoma City 89ers : LHP Mark Langston
|
Batting: LHB Larry Donofrio
|
0-0: Ball 1-0: Ball 2-0: Foul Ball, location: 2F 2-1: Fly out, F9 (Line Drive, 9, EV 96.9 MPH)
|
Batting: LHB Jesus Figueroa
|
0-0: Called Strike 0-1: Swinging Strike 0-2: SINGLE (Groundball, 5S, EV 70.0 MPH) (infield hit)
|
Batting: RHB Adolfo Feliz
|
0-0: Called Strike 0-1: Swinging Strike 0-2: Ball 1-2: Fly out, F7 (Line Drive, 7, EV 95.6 MPH)
|
Batting: RHB Gomez Barahona
|
0-0: Fielders Choice at 2nd, U4 (Groundball, 4M, EV 83.1 MPH)
|
Bottom of the 5th over - 0 runs, 1 hit, 0 errors, 1 left on base; Oklahoma City 0 - Denver 0 |
TOP OF THE 6TH |
Oklahoma City 89ers batting - Pitching for Denver Bears : RHP Jorge Rivera
|
Batting: RHB Peter Reppucci
|
0-0: Swinging Strike 0-1: Swinging Strike 0-2: Foul Ball, location: 2F 0-2: Ball 1-2: Ball 2-2: Ball 3-2: Fly out, F3 (Flyball, 3D, EV 83.1 MPH)
|
Batting: RHB James Glenn
|
0-0: Fly out, F6 (Flyball, 56D, EV 81.9 MPH)
|
Batting: RHB John Christensen
|
0-0: Called Strike 0-1: Foul Ball, location: 2F 0-2: Ball 1-2: Ball 2-2: Ball 3-2: Foul Ball, location: 2F 3-2: Foul Ball, location: 2F 3-2: Base on Balls
|
Batting: LHB Tom O'Malley
|
0-0: Called Strike 0-1: Ball John Christensen is caught stealing 2nd base 2-6
|
Top of the 6th over - 0 runs, 0 hits, 0 errors, 0 left on base; Oklahoma City 0 - Denver 0 |
BOTTOM OF THE 6TH |
Denver Bears batting - Pitching for Oklahoma City 89ers : LHP Mark Langston
|
Batting: LHB Danny Heep
|
0-0: Ball 1-0: Fly out, F8 (Line Drive, 8RM, EV 96.9 MPH)
|
Batting: RHB Juan Alvarez
|
0-0: Ground out 4-3 (Groundball, 4, EV 108.1 MPH)
|
Batting: RHB Raymond Borucki
|
0-0: Called Strike 0-1: Fly out, F7 (Line Drive, 7D, EV 86.9 MPH)
|
Bottom of the 6th over - 0 runs, 0 hits, 0 errors, 0 left on base; Oklahoma City 0 - Denver 0 |
TOP OF THE 7TH |
Oklahoma City 89ers batting - Pitching for Denver Bears : RHP Jorge Rivera
|
Batting: LHB Tom O'Malley
|
0-0: Called Strike 0-1: Foul Ball, location: 2F 0-2: Ball 1-2: Foul Ball, location: 2F 1-2: Ball 2-2: Ball 3-2: Foul Ball, location: 2F 3-2: Base on Balls
|
Batting: RHB David Green
|
0-0: Called Strike 0-1: Grounds into double play, 5-4-3 (Groundball, 56, EV 78.1 MPH)
|
Batting: RHB Cecil Fielder
|
0-0: Ground out 5-3 (Groundball, 56, EV 86.9 MPH)
|
Top of the 7th over - 0 runs, 0 hits, 0 errors, 0 left on base; Oklahoma City 0 - Denver 0 |
BOTTOM OF THE 7TH |
Denver Bears batting - Pitching for Oklahoma City 89ers : LHP Mark Langston
|
Batting: LHB Tom Beyers
|
0-0: Ball 1-0: Ball 2-0: Ball 3-0: Called Strike 3-1: SINGLE (Groundball, 6D, EV 107.5 MPH)
|
Batting: RHB Frank Lucy
|
0-0: Called Strike 0-1: Ball 1-1: Foul Ball, location: 2F 1-2: Ball 2-2: Foul Ball, location: 2F 2-2: Fly out, F9 (Flyball, 89D, EV 95.6 MPH)
|
Batting: LHB Larry Donofrio
|
0-0: Ball 1-0: Ball 2-0: Ground out 4-3 (Groundball, 13, EV 91.3 MPH) Tom Beyers to second
|
Batting: LHB Jesus Figueroa
|
0-0: Called Strike 0-1: Called Strike 0-2: Ball 1-2: Foul Ball, location: 2F 1-2: Ball 2-2: Strikes out looking
|
Bottom of the 7th over - 0 runs, 1 hit, 0 errors, 1 left on base; Oklahoma City 0 - Denver 0 |
TOP OF THE 8TH |
Oklahoma City 89ers batting - Pitching for Denver Bears : RHP Jorge Rivera
|
Batting: RHB Nick Esasky
|
0-0: Called Strike 0-1: Foul Ball, location: 2F 0-2: Ball 1-2: Foul Ball, location: 2F 1-2: Foul Ball, location: 2F 1-2: Ball 2-2: SINGLE (Line Drive, 9LS, EV 96.3 MPH)
|
Batting: LHB John Harris
|
0-0: Swinging Strike 0-1: Ball 1-1: Fly out, F8 (Flyball, 78XD, EV 101.9 MPH)
|
Batting: RHB Ron Tingley
|
0-0: Ball 1-0: Bunt missed! 1-1: Called Strike Nick Esasky steals 2nd, throwing error, E2 Nick Esasky to third 1-2: Fly out, F8 (Flyball, 8LM, EV 90.6 MPH) Runner from 3rd tags up, OUT at HOME! 8-2
|
Top of the 8th over - 0 runs, 1 hit, 1 error, 0 left on base; Oklahoma City 0 - Denver 0 |
BOTTOM OF THE 8TH |
Denver Bears batting - Pitching for Oklahoma City 89ers : LHP Mark Langston
|
Batting: RHB Adolfo Feliz
|
0-0: Fly out, F3 (Line Drive, 3, EV 70.6 MPH)
|
Batting: RHB Gomez Barahona
|
0-0: Ball 1-0: SINGLE (Groundball, P, EV 83.8 MPH) (infield hit)
|
Batting: LHB Danny Heep
|
0-0: Ball Gomez Barahona is caught stealing 2nd base 2-6 1-0: Ground out 4-3 (Groundball, 4, EV 95.0 MPH)
|
Bottom of the 8th over - 0 runs, 1 hit, 0 errors, 0 left on base; Oklahoma City 0 - Denver 0 |
TOP OF THE 9TH |
Oklahoma City 89ers batting - Pitching for Denver Bears : RHP Jorge Rivera
|
Pinch Hitting: LHB Jorge Oquendo
|
0-0: Foul Ball, location: 2F 0-1: Foul Ball, location: 2F 0-2: Ball 1-2: Ball 2-2: Fly out, F9 (Flyball, 89M, EV 86.9 MPH)
|
Batting: RHB James Glenn
|
0-0: Ball 1-0: SINGLE (Line Drive, 56, EV 99.4 MPH)
|
Batting: RHB John Christensen
|
0-0: Ball 1-0: Ball 2-0: Ball 3-0: Base on Balls James Glenn to second
|
Batting: LHB Tom O'Malley
|
0-0: Swinging Strike Balk! James Glenn to third John Christensen to second 0-1: Ground out U3 (Groundball, 3, EV 109.4 MPH)
|
Batting: RHB David Green
|
0-0: Ball 1-0: Ball Wild Pitch! James Glenn scores John Christensen to third 2-0: Ball 3-0: Called Strike 3-1: Foul Ball, location: 2F 3-2: SINGLE (Popup, 4MD, EV 63.8 MPH) John Christensen scores
|
Batting: RHB Cecil Fielder
|
0-0: Ball 1-0: Fly out, F8 (Line Drive, 8RM, EV 90.0 MPH)
|
Top of the 9th over - 2 runs, 2 hits, 0 errors, 1 left on base; Oklahoma City 2 - Denver 0 |
BOTTOM OF THE 9TH |
Denver Bears batting - Pitching for Oklahoma City 89ers : LHP Mark Langston
|
Now at SS: Danny Jasso
|
|
Batting: RHB Juan Alvarez
|
0-0: Ball 1-0: Swinging Strike 1-1: SINGLE (Groundball, 34D, EV 101.3 MPH)
|
Pinch Hitting: RHB George A Bell
|
0-0: Called Strike 0-1: Fly out, F6 (Flyball, 56D, EV 88.1 MPH)
|
Pinch Hitting: RHB Victor Woods
|
0-0: Foul Ball, location: 2F 0-1: Fly out, F8 (Flyball, 78D, EV 91.9 MPH)
|
Batting: RHB Frank Lucy
|
0-0: Called Strike 0-1: SINGLE (Groundball, 6MD, EV 103.8 MPH) Juan Alvarez to second
|
Pinch Hitting: RHB Francis McCann
|
0-0: Foul Ball, location: 2F 0-1: Ball 1-1: Foul Ball, location: 2F 1-2: Foul Ball, location: 2F 1-2: Fly out, F5 (Flyball, 5D, EV 97.5 MPH)
|
Bottom of the 9th over - 0 runs, 2 hits, 0 errors, 2 left on base; Oklahoma City 2 - Denver 0 |
|